 Dungeon Crawl Stone Soup version 0.19.5 (webtiles) character file.

409 Dumah the Vexing (level 6, -5/32 HPs)
             Began as a Deep Elf Enchanter on Apr 8, 2017.
             Was an Initiate of Kikubaaqudgha.
             Killed from afar by an orc (6 damage)
             ... with a wand of flame
             ... on level 5 of the Dungeon on Apr 9, 2017.
             The game lasted 00:28:43 (4896 turns).

Dumah the Vexing (Deep Elf Enchanter)               Turns: 4896, Time: 00:28:45

Health: -5/32      AC:  5    Str:  5    XL:     6   Next: 58%
Magic:  2/15       EV: 13    Int: 22    God:    Kikubaaqudgha [......]
Gold:   290        SH:  0    Dex: 15    Spells: 4 memorised, 5 levels left

rFire  . . .     SeeInvis .     a - +1 dagger
rCold  . . .     Gourm    .     b - +1 robe
rNeg   . . .     Faith    .     (no shield)
rPois  .         Spirit   .     (no helmet)
rElec  .         Reflect  .     A - +0 cloak {+Inv}
rCorr  +         Harm     .     m - +0 pair of gloves
MR     .....                    (no boots)
Stlth  +++.......               (no amulet)
                                (no ring)
                                q - ring of resist corrosion

@: very slightly contaminated
A: no striking features
a: Renounce Religion, Evoke Invisibility


You were on level 5 of the Dungeon.
You worshipped Kikubaaqudgha.
Kikubaaqudgha was noncommittal.
You were hungry.

You visited 2 branches of the dungeon, and saw 6 of its levels.

You collected 290 gold pieces.

Inventory:

Hand Weapons
 a - a +1 dagger (weapon)
 y - a +1 mace of protection
Armour
 b - a +1 robe (worn)
 m - a +0 pair of gloves (worn)
 u - the +2 scale mail "Xyquit" {rC+ Stlth+}
   (You found it on level 4 of the Dungeon)

   It protects you from cold.
   It makes you more stealthy.
 A - a +0 cloak of invisibility (worn)
Jewellery
 q - a ring of resist corrosion (left hand)
Wands
 w - a wand of teleportation (4/9)
 x - a wand of digging (11/24)
Scrolls
 h - 2 scrolls of identify
 i - a scroll of amnesia
 j - 3 scrolls of remove curse
Potions
 e - 2 potions of heal wounds {unknown}
 g - 4 potions of might {unknown}
 k - a potion of agility {unknown}
 l - a potion of brilliance
 o - a potion of curing
 p - a potion of magic
 s - 2 potions of lignification {unknown}
 v - a potion of ambrosia {unknown}
Books
 c - a book of Maledictions

   Spells                             Type                      Level
   a - Corona                         Hexes                        1
   b - Ensorcelled Hibernation        Hexes/Ice                    2
   c - Confuse                        Hexes                        3
   d - Tukima's Dance                 Hexes                        3
   e - Dazzling Spray                 Conjuration/Hexes            3
Comestibles
 d - a bread ration
 f - 2 meat rations
 r - 4 fruits
 t - 3 beef jerkies


   Skills:
 + Level 1.8 Short Blades
 + Level 3.0 Dodging
 + Level 5.8 Stealth
 + Level 4.6 Spellcasting
 * Level 6.8 Hexes
 + Level 1.5 Ice Magic
 + Level 0.4 Evocations


You had 5 spell levels left.
You knew the following spells:

 Your Spells              Type           Power        Failure   Level  Hunger
a - Corona                Hex            #####..      1%          1    None
b - Ensorcelled Hibernat  Hex/Ice        ###...       3%          2    None
c - Confuse               Hex            #####...     1%          3    ##.....
d - Tukima's Dance        Hex            #####...     1%          3    ##.....


Dungeon Overview and Level Annotations

Branches:
Dungeon (5/15)             Temple (1/1) D:4

Altars:
Ashenzari
Cheibriados
Dithmenos
Gozag
Hepliaklqana
Kikubaaqudgha
Makhleb
Nemelex Xobeh
Okawaru
Qazlal
Ru
Sif Muna
Trog
Vehumet
Xom
Zin
The Shining One

Annotations:
D:5 Jynx's ghost, novice MfIE


Message History

Aiming: Ensorcelled Hibernation
Press: ? - help, Shift-Dir - straight line, f - orc
Aim: an orc, wielding a flail (chance to defeat MR: 70%)
The orc struggles to resist.
The orc barely misses you.
Casting: Ensorcelled Hibernation
Confirm with . or Enter, or press ? or * to list all spells.
You don't have enough magic to cast that spell.
You see here a dagger.
You barely miss the orc.
The orc zaps a wand.
The puff of flame hits you!
* * * LOW HITPOINT WARNING * * *
It is a wand of flame.
As you read the scroll labeled JUOXUCVA ITHOAN, it crumbles to dust.
You hear a loud clanging noise!
It was a scroll of noise.
You hear a shout!
The centaur skeleton hits you.
* * * LOW HITPOINT WARNING * * *
The orc zaps a wand.
The puff of flame hits you!
You die...
Kikubaaqudgha rasps: "You have failed me!
Welcome... death!"

#.# #.# #.# #.### #.#
#.#.. #.# #.#.# #.# #.#.#
#### #.# #.#.##.....
###.# #....[..... ..#
#...# #o#.###### l.#
#.### #@#.# Z.# #.# #Z#w#
..# #.# #.#)#######..Z#
####.######
#..o..w..oo.?.##.#
......Z)Z.#
#.#.....####.....#
####.####.#
#.#####........... #.#
#.######.##########..####
#.# #............... ..#
#.# ########.####### #.#


You could see an orc and a centaur skeleton.

Vanquished Creatures
  An ogre (D:4)
  Blork the orc (D:5)
  A scorpion (D:4)
  An orc wizard (D:5)
  Crazy Yiuf (D:3)
  7 adders
  An adder skeleton (D:4)
  2 worms
  4 dart slugs
  4 leopard geckos
  3 orcs
  A ball python (D:2)
  8 bats
  5 giant cockroaches
  7 hobgoblins
  A quokka (D:3)
  11 frilled lizards
  7 goblins
  6 kobolds
  A leopard gecko zombie (D:5)
  10 rats
83 creatures vanquished.

Notes
Turn   | Place    | Note
-------+----------+-------------------------------------------
     0 | D:1      | Dumah the Deep Elf Enchanter began the quest for the Orb.
     0 | D:1      | Reached XP level 1. HP: 10/10 MP: 6/6
   238 | D:1      | Reached XP level 2. HP: 9/15 MP: 5/8
   242 | D:1      | Learned a level 2 spell: Ensorcelled Hibernation
  1031 | D:1      | Reached XP level 3. HP: 19/19 MP: 6/9
  1036 | D:1      | Learned a level 3 spell: Confuse
  2130 | D:2      | Reached XP level 4. HP: 24/24 MP: 11/11
  2276 | D:2      | Found a shimmering altar of Xom.
  2532 | D:2      | Reached skill level 5 in Hexes
  3183 | D:3      | Found a runed door.
  3187 | D:3      | Noticed Crazy Yiuf
  3192 | D:3      | Killed Crazy Yiuf
  3337 | D:4      | Noticed an ogre
  3345 | D:4      | Killed an ogre
  3345 | D:4      | Reached skill level 5 in Stealth
  3345 | D:4      | Reached skill level 1 in Ice Magic
  3345 | D:4      | Reached XP level 5. HP: 28/28 MP: 3/13
  3352 | D:4      | Learned a level 3 spell: Tukima's Dance
  3594 | D:4      | Reached XP level 6. HP: 32/32 MP: 11/14
  4161 | D:4      | Got an ancient scale mail
  4162 | D:4      | Identified the +2 scale mail "Xyquit" {rC+ Stlth+} (You found it on level 4 of the Dungeon)
  4237 | D:4      | Reached skill level 6 in Hexes
  4398 | D:4      | Found a staircase to the Ecumenical Temple.
  4404 | Temple   | Entered the Ecumenical Temple
  4438 | Temple   | Became a worshipper of Kikubaaqudgha
  4504 | D:5      | Entered Level 5 of the Dungeon
  4663 | D:5      | Noticed Jynx's ghost (novice MfIE)
  4790 | D:5      | Noticed Blork the orc
  4813 | D:5      | HP: 1/32 [leopard gecko zombie (4)]
  4847 | D:5      | Killed Blork the orc
  4896 | D:5      | HP: 1/32 [centaur skeleton (2)]
  4896 | D:5      | Killed from afar by an orc

Skill      XL: |  1  2  3  4  5  6 |
---------------+-------------------+-----
Stealth        | 4 5 |  5.8
Hexes          | 5 6 |  6.8
Spellcasting   | 4 |  4.6
Ice Magic      | 1 |  1.5
Dodging        | 3 |  3.0
Short Blades   | |  1.8
Evocations     | |  0.4

Action                   |  1- 3 |  4- 6 || total
-------------------------+-------+-------++-------
Melee: Dagger            |   135 |    89 ||   224
 Cast: Corona            |     6 |     4 ||    10
       Ensorcelled Hiber |    36 |    34 ||    70
       Confuse           |       |    21 ||    21
 Abil: Evoke Invisibilit |       |     2 ||     2
  Use: Scroll            |       |    12 ||    12
       Potion            |       |     5 ||     5
 Stab: Sleeping          |    29 |    31 ||    60
       Confused          |       |     5 ||     5
  Eat: Chunk             |     6 |     5 ||    11
       Meat ration       |       |     1 ||     1
Armor: Robe              |    60 |    12 ||    72
Dodge: Dodged            |   143 |    48 ||   191
